 Dungeon Crawl Stone Soup version 0.24-a0-459-g225fefd530 (webtiles) character file.

Game seed: 15086084504194352784

48101 vurker the Earth Mage (level 14, -30/92 HPs)
             Began as a Gargoyle Earth Elementalist on June 28, 2019.
             Was a High Priest of Vehumet.
             Killed from afar by Frances (45 damage)
             ... with an iron shot
             ... on level 12 of the Dungeon.
             The game lasted 01:02:04 (21162 turns).

vurker the Earth Mage (GrEE)                       Turns: 21162, Time: 01:02:04

Health: -30/92     AC: 18    Str: 18    XL:     14   Next: 44%
Magic:  25/28      EV: 12    Int: 20    God:    Vehumet [*****.]
Gold:   1178       SH:  0    Dex: 10    Spells: 9/34 levels left

rFire    + + .     SeeInvis .   a - staff of earth
rCold    + . .     Gourm    .   (no shield)
rNeg     + + .     Faith    .   y - +2 robe {rC+}
rPois    ∞         Spirit   .   z - +0 hat of Uskayaw's Hatred {rF++}
rElec    +         Reflect  .   K - +0 cloak
rCorr    .         Harm     .   I - +1 pair of gloves
MR       +....                  D - +0 pair of boots
Stlth    ++........             s - amulet of magic regeneration
HPRegen  1.25/turn              E - +5 ring of strength
MPRegen  0.46/turn              H - ring of positive energy

@: regenerating (expiring)
A: big wings, negative energy resistance 1, electricity resistance, unbreathing,
petrification resistance, rot immunity, AC +10
a: Fly, Renounce Religion


You were on level 12 of the Dungeon.
You worshipped Vehumet.
Vehumet was extremely pleased with you.
You were not hungry.

You visited 2 branches of the dungeon, and saw 18 of its levels.
You also visited: Sewer.

You collected 1275 gold pieces.
You spent 97 gold pieces at shops.

Inventory:

Hand Weapons
 i - the +1 long sword of the Lurker {flame, rN+ MR+}
   (You found it on level 4 of the Dungeon)

   It has been specially enchanted to burn those struck by it, causing extra
   injury to most foes and up to half again as much damage against particularly
   susceptible opponents.
   Big, fiery blades are also staple armaments of hydra-hunters.
   It protects you from negative energy.
   It affects your resistance to hostile enchantments.
 w - the +8 war axe of the Immovable Places {speed, rF+ rC+ SInv}
   (You took it off an orc wizard on level 11 of the Dungeon)

   Attacks with this weapon are significantly faster.
   It protects you from fire.
   It protects you from cold.
   It lets you see invisible.
Missiles
 n - a throwing net {!f}
 r - 134 stones (quivered)
Armour
 y - a +2 robe of cold resistance (worn)
   (You found it on level 3 of the Dungeon)
 z - the +0 hat of Uskayaw's Hatred (worn) {rF++}
   (You acquired it on level 3 of the Lair of Beasts)

   It greatly protects you from fire.
 A - a +1 robe of magic resistance
   (You took it off an orc wizard on level 6 of the Dungeon)
 D - a +0 pair of boots (worn)
   (You found it on level 6 of the Dungeon)
 I - a +1 pair of gloves (worn)
   (You found it on level 1 of the Dungeon)
 K - a +0 cloak (worn)
   (You found it on level 11 of the Dungeon)
Magical Staves
 a - an uncursed staff of earth (weapon)
   (You found it on level 3 of the Dungeon)
 b - an uncursed staff of power {!a}
   (You found it on level 6 of the Lair of Beasts)
Jewellery
 s - an amulet of magic regeneration (around neck)
   (You found it on level 2 of the Dungeon)
 E - a +5 ring of strength (left hand)
   (You found it on level 10 of the Dungeon)
 H - a ring of positive energy (right hand)
   (You found it on level 2 of the Lair of Beasts)
Wands
 d - a wand of iceblast (7)
   (You took it off an orc on level 8 of the Dungeon)
 u - a wand of paralysis (22)
   (You took it off Psyche on level 10 of the Dungeon)
 x - a wand of acid (26)
   (You found it on level 6 of the Dungeon)
Scrolls
 c - 4 scrolls of enchant armour
 f - 7 scrolls of enchant weapon
 h - 4 scrolls of identify {@r1}
 q - 4 scrolls of remove curse {@r2}
 C - a scroll of fog
 F - 2 scrolls of fear
 G - 3 scrolls of magic mapping
 L - 4 scrolls of teleportation {@r4}
 N - a scroll of blinking
Potions
 j - 9 potions of haste {@q3}
 k - 11 potions of heal wounds {@q2}
 l - 4 potions of lignification {!q}
 m - 9 potions of curing {@q1}
 o - a potion of resistance
 p - 4 potions of brilliance
 v - 2 potions of ambrosia
 J - 2 potions of magic
Comestibles
 e - 25 rations {!d}


   Skills:
 + Level 12.1 Fighting
 - Level 1.5 Dodging
 - Level 2.1 Stealth
 + Level 10.6 Spellcasting
 - Level 10.1 Conjurations
 + Level 2.5 Charms
 + Level 2.2 Necromancy
 + Level 2.5 Transmutations
 * Level 18.0 Earth Magic


You had 9 spell levels left.
You knew the following spells:

 Your Spells              Type           Power        Failure   Level  Hunger
a - Sandblast             Erth           ######       0%          1    None
b - Stone Arrow           Conj/Erth      ######       1%          3    None
c - Irradiate             Conj/Tmut      #####.....   4%          5    ####...
m - Deflect Missiles      Chrm/Air       ###.......   99%         6    ######.
n - Regeneration          Chrm/Necr      ###.......   8%          3    None
q - Passwall              Tmut/Erth      ######..     1%          2    None
z - Lee's Rapid Deconstr  Erth           #######...   1%          5    ####...

Your spell library contained the following spells:

 Spells                   Type           Power        Failure   Level  Hunger
 Petrify                  Tmut/Erth      ######..     1%          4    ##.....
 Infusion                 Chrm           ###.         2%          1    None
 Song of Slaying          Chrm           ###.....     3%          2    None
 Shroud of Golubria       Chrm/Tloc      ###...       6%          2    None
 Spectral Weapon          Hex/Chrm       ###.....     12%         3    None
 Yara's Violent Unravell  Hex/Tmut       ###.......   26%         5    ####...
 Cause Fear               Hex            ##........   54%         4    ##.....
 Silence                  Hex/Air        ##........   88%         5    ####...
 Discord                  Hex            ##........   100%        8    #######


Dungeon Overview and Level Annotations

Branches:
Dungeon (12/15)            Temple (0/1) D:7            Lair (6/6) D:9
 Shoals (0/4) Lair:3        Snake (0/4) Lair:2        Slime (0/5) Lair:5
    Orc (0/2) D:11

Altars:
Ashenzari
Cheibriados
Elyvilon
Hepliaklqana
Kikubaaqudgha
Makhleb
Okawaru
Qazlal
Ru
Trog
Uskayaw
Vehumet
Wu Jian
Xom
The Shining One
Jiyva

Shops:
D:11 ?

Annotations:
D:3 1 exclusion, Sigmund
D:5 2 transporters, hitsuchi's ghost, novice DrTm
D:7 3 runed translucent doors, theanonym's ghost, novice DrTm
D:12 Frances; Gastronok
Lair:1 2 transporters, exclusion: oklob plant, Xysuja Ciut's ghost, journeyman NaFE
Lair:6 anything's ghost, journeyman OpAs


Innate Abilities, Weirdness & Mutations

You are resistant to torment.
Your stone body is resilient. (AC +10)
You are immune to poison.
Your large and strong wings let you fly indefinitely.
You resist negative energy. (rN+)
You are resistant to electric shocks. (rElec)
You can survive without breathing.
You are immune to petrification.
You are immune to rotting.


Message History

You start resting.
You start resting.
Your skin crawls.
You climb downwards.
Level annotation: Frances; Gastronok
There is a stone staircase leading up here.
You see here 2 arrows.
Aim: Frances, wielding a +2 war axe of venom and wearing a +0 chain mail You feel a surge of power!
The blast of sand hits Frances!
r - 138 stones Frances chants phrases taken from a devil's mouth.
Frances seems to speed up.
Aim: Frances, wielding a +2 war axe of venom and wearing a +0 chain mail (lightly wounded, fast)
You feel a surge of power!
The blast of sand hits Frances!!
r - 137 stones Frances hits you with a +2 war axe of venom!!
Frances whispers indecipherable words.
The shard of ice hits you!! You partially resist.
Aim: Frances, wielding a +2 war axe of venom and wearing a +0 chain mail (moderately wounded, fast)
You feel a surge of power!
The blast of sand hits Frances but does no damage.
r - 136 stones Frances hits you but does no damage.
Aim: Frances, wielding a +2 war axe of venom and wearing a +0 chain mail (moderately wounded, fast)
You feel a surge of power!
The blast of sand hits Frances!
r - 135 stones Frances misses you.
Aim: Frances, wielding a +2 war axe of venom and wearing a +0 chain mail (moderately wounded, fast)
You feel a surge of power!
The blast of sand hits Frances!!
r - 134 stones Frances closely misses you.
Frances screams a word of power!
The shard of ice hits you!! You partially resist.
* * * LOW HITPOINT WARNING * * *
Okay, then.
Here: Frances, wielding a +2 war axe of venom and wearing a +0 chain mail (heavily wounded, fast)
The floor.
Okay, then.
You feel much better.
Your skin is crawling a little less now.
Frances hits you with a +2 war axe of venom!
* * * LOW HITPOINT WARNING * * *
Okay, then.
Frances hits you with a +2 war axe of venom.
* * * LOW HITPOINT WARNING * * *
Frances hits you with a +2 war axe of venom!!
* * * LOW HITPOINT WARNING * * *
Frances mutters in a terrible tongue.
The iron shot hits you!!!
You die...

......## #......#
##.....# #.....##
#...(..##
..###..<#(..#
.......@#(.## ##
............##.##
.........@......##
.........(.......#
....(....(..##...#
(........#.## ...#
.......(..## ##
............#
......)#...##
.......#...#
###.......##


You could see Frances.

Vanquished Creatures
  Harold (Lair:1)
  Fannar (Lair:1)
  6 hydras
  A merfolk avatar (Lair:6)
  Erica (D:8)
  A two-headed ogre (D:9)
  Urug (Lair:4)
  Sonja (D:10)
  An unseen horror (D:9)
  4 sea snakes (Lair:6)
  An ugly thing (D:11)
  A manticore (Lair:6)
  2 oklob plants (Lair:4)
  3 black mambas
  6 elephants
  14 spiny frogs
  Psyche (D:10)
  3 rime drakes
  7 komodo dragons
  4 polar bears (Lair:6)
  3 hornets
  Prince Ribbit (D:5)
  19 blink frogs
  7 hippogriffs
  5 dream sheep (Lair:5)
  6 wyverns
  A vampire (D:10)
  35 yaks
  A basilisk (Lair:2)
  Menkaure (D:5)
  A soldier ant (D:10)
  15 water moccasins
  Duvessa (D:5)
  11 porcupines
  2 black bears
  4 orc warriors (D:10)
  6 sky beasts
  2 phantoms (D:11)
  2 ice beasts (D:9)
  16 centaurs
  4 wolves (Lair:4)
  7 ogres
  2 big kobolds (D:10)
  14 crocodiles
  12 bullfrogs
  3 scorpions
  A wyvern skeleton (D:9)
  5 killer bees
  Dowan (D:5)
  A water moccasin skeleton (D:8)
  3 howler monkeys
  5 wights (D:9)
  3 centaur zombies
  3 jellies
  A bullfrog zombie (D:9)
  5 crimson imps
  14 hounds
  A bullfrog skeleton (D:8)
  2 centaur skeletons
  11 orc priests
  18 orc wizards
  An iguana (D:10)
  4 hell rats (Lair:2)
  10 worker ants
  A killer bee zombie (D:9)
  4 hound zombies
  A howler monkey zombie (D:11)
  A worker ant zombie (D:6)
  2 howler monkey skeletons
  11 adders
  3 gnolls (D:2)
  5 shadow imps
  12 white imps (Lair:6)
  3 oozes
  An adder zombie (D:6)
  An adder skeleton (D:9)
  A worm (D:4)
  A dart slug (D:1)
  10 leopard geckos
  60 orcs
  4 ball pythons
  11 giant cockroaches
  10 goblins
  7 hobgoblins
  6 jackals
  6 quokkas
  14 bats
  8 frilled lizards
  28 kobolds
  9 rats
  A plant (Sewer)
551 creatures vanquished.

Vanquished Creatures (others)
  10 fungi
  25 plants
35 creatures vanquished.

Grand Total: 586 creatures vanquished

Notes
Turn   | Place    | Note
-------+----------+-------------------------------------------
     0 | D:1      | vurker the Gargoyle Earth Elementalist began the quest for
                  | the Orb.
     0 | D:1      | Reached XP level 1. HP: 10/10 MP: 3/3
   181 | D:1      | Reached XP level 2. HP: 10/16 MP: 5/5
   183 | D:1      | Reached skill level 4 in Earth Magic
   299 | D:1      | Learned a level 2 spell: Passwall
   342 | D:1      | Reached skill level 1 in Fighting
   544 | D:1      | Reached XP level 3. HP: 13/20 MP: 4/6
   549 | D:1      | Learned a level 3 spell: Stone Arrow
  1498 | D:2      | Reached XP level 4. HP: 26/26 MP: 3/7
  1500 | D:2      | Reached skill level 5 in Earth Magic
  1969 | D:2      | Reached XP level 5. HP: 25/30 MP: 9/9
  2406 | D:3      | Reached skill level 6 in Earth Magic
  2468 | D:3      | Reached XP level 6. HP: 36/36 MP: 7/10
  2494 | D:3      | Learned a level 5 spell: Lee's Rapid Deconstruction
  2516 | D:3      | Found a hide-covered altar of Uskayaw.
  2519 | D:3      | Found a radiant altar of Vehumet.
  2527 | D:3      | Became a worshipper of Vehumet
  2551 | D:3      | Noticed Sigmund
  2947 | D:4      | Found a glowing drain.
  2968 | Sewer    | Entered a sewer
  3050 | Sewer    | Reached * piety under Vehumet
  3050 | Sewer    | Offered knowledge of Flame Tongue by Vehumet.
  3407 | D:4      | Reached skill level 7 in Earth Magic
  3407 | D:4      | Reached XP level 7. HP: 41/41 MP: 6/12
  3410 | D:4      | Got a heavily runed scale mail
  3718 | D:4      | Got a fine long sword
  3812 | D:5      | Entered Level 5 of the Dungeon
  3814 | D:5      | Identified the cursed +1 scale mail of Wautier {*Corrode
                  | rN++ Int+4 Dex+4} (You found it on level 4 of the Dungeon)
  3815 | D:5      | Identified the cursed +1 long sword of the Lurker {flame,
                  | rN+ MR+} (You found it on level 4 of the Dungeon)
  3841 | D:5      | Found a burning altar of Makhleb.
  3908 | D:5      | Reached skill level 1 in Conjurations
  3924 | D:5      | Found a transporter.
  3925 | D:5      | Found a transporter.
  3931 | D:5      | Reached ** piety under Vehumet
  3953 | D:5      | Offered knowledge of Sting by Vehumet.
  3975 | D:5      | Noticed Menkaure
  3977 | D:5      | Killed Menkaure
  3977 | D:5      | Reached skill level 8 in Earth Magic
  3977 | D:5      | Reached XP level 8. HP: 48/48 MP: 10/14
  3982 | D:5      | Noticed Prince Ribbit
  3987 | D:5      | Killed Prince Ribbit
  4239 | D:5      | Found a white marble altar of Elyvilon.
  4242 | D:5      | Found a glowing golden altar of the Shining One.
  4395 | D:5      | Identified the cursed +1 trident "Qoig" {venom, *Corrode
                  | MR+ Int+4}
  4417 | D:5      | Noticed hitsuchi's ghost (novice DrTm)
  4565 | D:5      | Found a faded altar of an unknown god.
  4565 | D:5      | Found an ancient bone altar of Kikubaaqudgha.
  4570 | D:5      | Found an ornate altar of the Wu Jian Council.
  4572 | D:5      | Found a faded altar of an unknown god.
  4573 | D:5      | Found a bloodstained altar of Trog.
  4654 | D:5      | Noticed Dowan
  4655 | D:5      | Noticed Duvessa
  4657 | D:5      | Killed Dowan
  4657 | D:5      | Reached skill level 5 in Fighting
  4657 | D:5      | Reached skill level 9 in Earth Magic
  4682 | D:5      | Killed Duvessa
  4816 | D:5      | Found a snail-covered altar of Cheibriados.
  5005 | D:6      | Reached XP level 9. HP: 54/54 MP: 10/16
  5053 | D:5      | Reached skill level 5 in Spellcasting
  5053 | D:5      | Reached skill level 5 in Conjurations
  5190 | D:6      | Offered knowledge of Throw Flame by Vehumet.
  5672 | D:6      | Reached skill level 10 in Earth Magic
  5827 | D:6      | Reached *** piety under Vehumet
  6084 | D:7      | Found a staircase to the Ecumenical Temple.
  6392 | D:7      | Found a runed translucent gate.
  6393 | D:7      | Found a runed translucent gate.
  6393 | D:7      | Noticed theanonym's ghost (novice DrTm)
  6393 | D:7      | Identified the +6 whip of True Grit {chaos, +Rage Str+3
                  | Stlth+}
  6394 | D:7      | Found a runed translucent gate.
  7029 | D:8      | Reached XP level 10. HP: 61/61 MP: 13/18
  7094 | D:8      | Offered knowledge of Fulminant Prism by Vehumet.
  7151 | D:8      | Found a sacrificial altar of Ru.
  7151 | D:8      | Found a stormy altar of Qazlal.
  7184 | D:8      | Noticed Erica
  7187 | D:8      | Killed Erica
  7187 | D:8      | Reached skill level 11 in Earth Magic
  7420 | D:8      | Found a shattered altar of Ashenzari.
  7481 | D:8      | Reached **** piety under Vehumet
  7900 | D:9      | Offered knowledge of Lightning Bolt by Vehumet.
  8508 | D:9      | Found a hazy altar of Hepliaklqana.
  8521 | D:9      | Found a staircase to the Lair.
  8686 | D:9      | Noticed a two-headed ogre
  8691 | D:9      | Killed a two-headed ogre
  8691 | D:9      | Reached skill level 12 in Earth Magic
  8691 | D:9      | Reached XP level 11. HP: 67/67 MP: 10/21
  8697 | D:9      | Killed an unseen horror
  9017 | D:10     | Entered Level 10 of the Dungeon
  9589 | D:10     | Noticed Psyche
  9591 | D:10     | Killed Psyche
  9794 | D:10     | Reached ***** piety under Vehumet
  9963 | D:10     | Noticed Sonja
  9998 | D:10     | Killed Sonja
  9998 | D:10     | Reached skill level 10 in Conjurations
  9999 | D:10     | Offered knowledge of Fireball by Vehumet.
  9999 | D:10     | Reached skill level 13 in Earth Magic
 10223 | D:11     | Noticed a six-headed hydra
 10229 | D:11     | Killed a six-headed hydra
 10549 | D:11     | Identified the +8 war axe of the Immovable Places {speed,
                  | rF+ rC+ SInv}
 11119 | D:11     | Found Bulow's Magic Scroll Boutique.
 11135 | D:11     | Bought a scroll of blinking for 97 gold pieces
 11153 | D:11     | Noticed Gastronok
 11329 | D:11     | Found a staircase to the Orcish Mines.
 11643 | Lair:1   | Entered Level 1 of the Lair of Beasts
 11699 | Lair:1   | Reached XP level 12. HP: 64/76 MP: 6/23
 11699 | Lair:1   | Noticed Harold
 11818 | Lair:1   | Killed Harold
 11818 | Lair:1   | Reached skill level 14 in Earth Magic
 11994 | Lair:1   | Noticed Fannar
 12270 | Lair:1   | Killed Fannar
 12622 | Lair:1   | Found a transporter.
 12629 | Lair:1   | Found a transporter.
 12632 | Lair:1   | Noticed Xysuja Ciut's ghost (journeyman NaFE)
 12949 | Lair:2   | Noticed a five-headed hydra
 12954 | Lair:2   | Killed a five-headed hydra
 13185 | Lair:2   | Found a staircase to the Snake Pit.
 13185 | Lair:2   | Noticed a six-headed hydra
 13192 | Lair:2   | Killed a six-headed hydra
 13192 | Lair:2   | Reached skill level 10 in Fighting
 13192 | Lair:2   | Reached skill level 15 in Earth Magic
 13281 | Lair:2   | Offered knowledge of Sticky Flame by Vehumet.
 14807 | Lair:3   | Found a shimmering altar of Xom.
 14894 | Lair:3   | Reached XP level 13. HP: 83/83 MP: 16/26
 15021 | Lair:3   | Found a staircase to the Shoals.
 15280 | Lair:3   | Identified a scroll of acquirement
 15283 | Lair:3   | Got an ichor-stained hat
 15294 | Lair:3   | Identified the +0 hat of Uskayaw's Hatred {rF++} (You
                  | acquired it on level 3 of the Lair of Beasts)
 15321 | Lair:4   | Reached skill level 16 in Earth Magic
 16037 | Lair:4   | Noticed Urug
 16088 | Lair:4   | Killed Urug
 16816 | Lair:4   | Got a bloodstained scimitar
 16817 | Lair:4   | Identified the +5 scimitar of the Globe {slice, Str+7} (You
                  | found it on level 4 of the Lair of Beasts)
 17247 | Lair:5   | Found a viscous altar of Jiyva.
 17250 | Lair:5   | Found a staircase to the Slime Pits.
 17259 | Lair:5   | Reached skill level 17 in Earth Magic
 17265 | Lair:5   | Reached skill level 10 in Spellcasting
 17946 | Lair:6   | Entered Level 6 of the Lair of Beasts
 18037 | Lair:6   | Found an iron altar of Okawaru.
 18202 | Lair:6   | Offered knowledge of Irradiate by Vehumet.
 18209 | Lair:6   | Learned a level 5 spell: Irradiate
 18213 | Lair:6   | Learned a level 3 spell: Regeneration
 18261 | Lair:6   | Reached skill level 1 in Transmutations
 18290 | Lair:6   | Gained mutation: Your large and strong wings let you fly
                  | indefinitely. [Gargoyle growth]
 18290 | Lair:6   | Reached XP level 14. HP: 89/91 MP: 7/28
 18311 | Lair:6   | Reached skill level 1 in Charms
 18371 | Lair:6   | HP: 3/91 [spiny frog (18)]
 18448 | Lair:6   | Reached skill level 1 in Necromancy
 18887 | Lair:6   | Found a runed translucent gate.
 18887 | Lair:6   | Found a runed translucent gate.
 18887 | Lair:6   | Found a runed translucent gate.
 18897 | Lair:6   | Got a pitted scimitar
 19452 | Lair:6   | Identified the cursed +0 scimitar of Battle {freeze, Str+4
                  | Int+4} (You found it on level 6 of the Lair of Beasts)
 19596 | Lair:6   | Reached skill level 18 in Earth Magic
 19914 | Lair:6   | Noticed anything's ghost (journeyman OpAs)
 20181 | D:11     | Learned a level 6 spell: Deflect Missiles
 20826 | D:12     | Noticed Frances
 21162 | D:12     | Killed from afar by Frances

Levels and vault maps discovered:
D:1:      lightli_arrival_maybe_door_vault, layout_rooms,
          chequers_serial_rivers_small_3, minmay_pentomino_z4
D:2:      layout_rooms
D:3:      layout_rooms, grunt_temple_overflow_open, uniq_sigmund
D:4:      layout_rooms, first_ration, gup_sewer_entry_pipe,
          kennysheep_generic_room_12
D:5:      layout_basic, cheibriados_altar_1, minitemple, bloody_makhleb,
          chequers_temple_overflow_minitemple, gammafunk_ghost_gnarly_gnolls,
          minmay_crossroads, uniq_menkaure, uniq_prince_ribbit1, uniq_duvessa
D:6:      minmay_chambers_of_threes, layout_gridville
D:7:      layout_cave_pools, minmay_temple_entry_grid,
          gammafunk_ghost_nasty_kobolds, kennysheep_big_empty_room,
          hangedman_decor_diamond_cutter
D:8:      layout_loops_ring, ashenzari_altar_1,
          gammafunk_temple_overflow_statue, uniq_erica
D:9:      minmay_quarter_circles, layout_irregular_city, old_standard_altar,
          lair_entry_dummy
D:10:     layout_gridville, uniq_sonja, uniq_psyche
D:11:     layout_irregular_city, hiddenorc1_lemuel, serial_shops, shop,
          uniq_gastronok
D:12:     minmay_shrinking_squares, layout_cave_pools, serial_rivers,
          chequers_serial_rivers_small_3, chequers_serial_rivers_marsh,
          chequers_serial_rivers_micro_d, chequers_serial_rivers_marsh,
          uniq_nessos, uniq_frances
Lair:1:   layout_regular_city, gammafunk_ghost_berserking_beasts,
          minmay_lair_oklob_bushes, grunt_forest_stairs_basic,
          minmay_hedge_maze, uniq_fannar, uniq_harold
Lair:2:   layout_regular_city, dummy_snake_entry, serial_bayou_pond_e,
          grunt_megastairs_2
Lair:3:   layout_gridlike, minmay_shoals_entry_centaurs, basic_altar
Lair:4:   layout_loops_ring, grunt_megastairs_4, minmay_lair_oklob_chamber,
          uniq_urug
Lair:5:   layout_roguey, slime_altar_1
Lair:6:   gammafunk_lair_ancient_temple, layout_gridlike, basic_altar,
          gammafunk_ghost_hydra_chop, portal_ice_cave_entry_imps,
          gauntlet_entry_generic

Skill      XL: |  1  2  3  4  5  6  7  8  9 10 11 12 13 14 |
---------------+-------------------------------------------+-----
Earth Magic    | 4 5 6 7 8 9 10 12 13 15 17 18 | 18.0
Fighting       | 1 2 3 4 5 6 7 9 10 11 12 | 12.1
Spellcasting   | 3 4 5 6 7 9 10 | 10.6
Conjurations   | 2 4 7 9 10 | 10.1
Transmutations | 1 2 |  2.5
Charms         | 2 |  2.5
Necromancy     | 2 |  2.2
Dodging        | |  1.5
Stealth        | |  2.1

Action                   |  1- 3 |  4- 6 |  7- 9 | 10-12 | 13-15 || total
-------------------------+-------+-------+-------+-------+-------++-------
Melee: Whip              |    79 |       |       |       |       ||    79
       Unarmed           |     2 |       |       |       |       ||     2
       Dagger            |     2 |    42 |       |       |       ||    44
       Staff             |       |    93 |    42 |    31 |     3 ||   169
 Cast: Sandblast         |    37 |    66 |    36 |    63 |   126 ||   328
       Stone Arrow       |     1 |     7 |    80 |   343 |   269 ||   700
       Lee's Rapid Decon |       |       |     3 |    26 |    22 ||    51
       Regeneration      |       |       |       |       |     4 ||     4
 Abil: Fly               |       |       |       |       |     1 ||     1
       Stop Flying       |       |       |       |       |     1 ||     1
  Use: Scroll            |       |     8 |     6 |     9 |    12 ||    35
       Potion            |       |       |       |       |     5 ||     5
 Stab: Sleeping          |       |     1 |       |       |       ||     1
  Eat: Chunk             |     3 |     7 |    14 |    24 |    11 ||    59
       Ration            |       |       |     1 |     4 |     3 ||     8
Armor: Robe              |    62 |    36 |    37 |   101 |   110 ||   346
Dodge: Dodged            |    99 |    87 |    51 |   114 |   127 ||   478

Table legend:
 A = Non-vault XP
 B = Vault XP
 C = Vault XP percentage of total XP
 D = Non-vault monster count
 E = Vault monster count
 F = Vault count percentage of total count
                 A         B        C        D         E       F
            +---------+---------+-------+---------+---------+-------
      Total |   45155 |   23561 |  34.3 |     408 |     142 |  25.8
            +---------+---------+-------+---------+---------+-------
        D:1 |      52 |       5 |   8.8 |      27 |       4 |  12.9
        D:2 |      93 |       0 |   0.0 |      27 |       0 |   0.0
        D:3 |     198 |       0 |   0.0 |      24 |       0 |   0.0
        D:4 |     445 |      24 |   5.1 |      18 |       9 |  33.3
        D:5 |     865 |     653 |  43.0 |      17 |       4 |  19.0
        D:6 |     867 |     479 |  35.6 |      24 |       7 |  22.6
        D:7 |     845 |       0 |   0.0 |      14 |       0 |   0.0
        D:8 |     939 |     923 |  49.6 |      31 |       1 |   3.1
        D:9 |    1247 |    3275 |  72.4 |      26 |      21 |  44.7
       D:10 |    2189 |    1360 |  38.3 |      35 |       6 |  14.6
       D:11 |    3609 |      75 |   2.0 |      26 |      13 |  33.3
       D:12 |     801 |       0 |   0.0 |       6 |       0 |   0.0
     Lair:1 |    3295 |    2015 |  37.9 |      18 |       2 |  10.0
     Lair:2 |    5351 |     412 |   7.1 |      20 |       3 |  13.0
     Lair:3 |    5125 |     339 |   6.2 |      18 |       3 |  14.3
     Lair:4 |    6768 |    3732 |  35.5 |      26 |       8 |  23.5
     Lair:5 |    4673 |       0 |   0.0 |      20 |       0 |   0.0
     Lair:6 |    7793 |   10222 |  56.7 |      31 |      37 |  54.4
      Sewer |       0 |      47 | 100.0 |       0 |      24 | 100.0
            +---------+---------+-------+---------+---------+-------
